 Dungeon Crawl Stone Soup version 0.31.0-11-ge490571c62 (webtiles) character file.

Game seed: 5864839515761928161

634 hawla the Gouger (level 7, 0/33 HPs)
             Began as a Felid Shapeshifter on Jan 27, 2024.
             Was an Initiate of Makhleb.
             Slain by a gnoll
             ... wielding a +0 flail
             ... led by a gnoll sergeant
              (1 damage)
             ... on level 5 of the Dungeon.
             The game lasted 00:07:59 (3532 turns).

hawla the Gouger (Felid Shapeshifter)               Turns: 3532, Time: 00:08:00

Health: 0/33       AC:  2    Str: 12    XL:     7   Next: 25%
Magic:  8/8        EV: 19    Int: 13    God:    Makhleb [......]
Gold:   245        SH:  0    Dex: 16    Spells: 6/6 levels left
                                        Lives:  0   Deaths: 3

rFire   . .          .
                       - Unarmed
rCold   . . .        (shield unavailable)
rNeg    . . .        (body armour unavailable)
rPois   .            (helmet unavailable)
rElec   .            (cloak unavailable)
rCorr   .            (gloves unavailable)
SInv    +            (boots unavailable)
Will    +....        (no amulet)
Stlth   ++           (no ring)
HPRegen 0.25/turn    (no ring)
MPRegen 0.11/turn

%: no passive effects
@: beast-form
A: beast (slay +1), very small, claws 1, fangs 3, see invisible, shaggy fur 2,
stealthy paws, no weapons or thrown items, no armour, multi-lived, inability to
read after injury 1
a: Begin Untransformation, Renounce Religion


You were on level 5 of the Dungeon.
You worshipped Makhleb.
Makhleb was noncommittal.
You were a hulking beast.
You visited 2 branches of the dungeon, and saw 6 of its levels.

You collected 245 gold pieces.

Inventory:

Jewellery
 a - a ring of poison resistance
Talismans
 b - a beast talisman
 c - a flux talisman
Wands
 l - a wand of charming (5)
Scrolls
 o - a scroll of teleportation
Potions
 f - a potion of attraction
 g - a potion of might
 p - a potion of ambrosia {unknown}


   Skills:
 - Level 1.0 Fighting
 + Level 4.4 Dodging
 - Level 1.0 Stealth
 - Level 8.0 Unarmed Combat
 - Level 2.6 Shapeshifting


You had 6 spell levels left.
You didn't know any spells.
Your spell library was empty.

Dungeon Overview and Level Annotations

Branches:
Dungeon (5/15)             Temple (1/1) D:4

Altars:
Ashenzari
Cheibriados
Elyvilon
Fedhas
Gozag
Hepliaklqana
Kikubaaqudgha
Makhleb
Okawaru
Ru
Sif Muna
Trog
Uskayaw
Vehumet
Wu Jian
Xom
Yredelemnul
Zin
The Shining One


Innate Abilities, Weirdness & Mutations

You are a hulking beast.
Your limbs bulge with bestial killing power. (Slay +1)
You have sharp claws.
You have razor-sharp teeth.
You have supernaturally acute eyesight. (SInv)
You are covered in thick fur. (AC +2)
Your paws help you pounce on unaware monsters.
You are incapable of wielding weapons or throwing items.
You cannot wear armour.
You gain extra lives every three experience levels.
You occasionally lose the ability to read scrolls when taking damage.


Message History

You open the door. You closely miss the gnoll. You claw the gnoll!
You kill the gnoll!
Makhleb accepts your kill.
Your iguana dissolves into shadows!
You claw the gnoll!
The gnoll is severely wounded.
The gnoll completely misses you.
You barely miss the gnoll.
The gnoll is severely wounded.
The gnoll hits you with a +0 flail!
Unknown command.
The orc wizard completely misses you. The gnoll barely misses you.
You see here a +0 club.
You closely miss the orc wizard.
The orc wizard hits you with a +0 dagger.
The gnoll hits you with a +0 flail!
You claw the orc wizard!
The orc wizard is heavily wounded.
The orc wizard gestures at you while chanting.
The puff of flame hits you!
* * * LOW HITPOINT WARNING * * *
Unknown command.
You feel better. The gnoll completely misses you.
The orc wizard completely misses you.
It was a potion of magic.
Magic courses through your body. The gnoll hits you with a +0 flail.
The orc wizard closely misses you.
You claw the orc wizard!
The orc wizard is almost dead.
The gnoll completely misses you.
You scratch the orc wizard but do no damage.
The orc wizard is almost dead.
The orc wizard closely misses you. The gnoll hits you with a +0 flail!
* * * LOW HITPOINT WARNING * * *
Unknown command.
You claw the orc wizard!
You kill the orc wizard!
Makhleb accepts your kill. The gnoll hits you with a +0 flail.
You die...

#....#..........#...#.......#....
#.##.#.#######..#.....#.#...##.##
.....#.# #..#.#.........##...
####.#.#######..#...........#####
.....#........<.#.........#.# #
####......####.##.###.#####.#####
#.##........##.# #.# #......
####+##........##.###.# ######.
..............$oh.....+ #.
...............##g###.# #.
............(..#.... #.
..##'##........#...... #.
..........#...........# ##
....)...###............#
........## .......###..#
.o..g..... .......# ..#
.lg......# .....


You could see a gnoll and an orc.

Vanquished Creatures
  A black bear (D:5)
  An ogre (D:4)
  2 bombardier beetles
  A howler monkey (D:4)
  2 orc priests (D:3)
  A jelly (D:5)
  An orc wizard (D:5)
  An iguana (D:4)
  3 gnolls
  10 adders
  A dart slug (D:3)
  3 ribbon worms
  15 orcs
  7 ball pythons
  6 bats
  11 endoplasms
  8 goblins
  5 hobgoblins
  4 jackals
  5 kobolds
  2 frilled lizards
  6 rats
96 creatures vanquished.

Vanquished Creatures (collateral kills)
  A gnoll (D:5)
  An orc (D:5)
2 creatures vanquished.

Grand Total: 98 creatures vanquished

Notes
Turn   | Place    | Note
-------+----------+-------------------------------------------
     0 | D:1      | hawla the Felid Shapeshifter began the quest for the Orb.
     0 | D:1      | Reached XP level 1. HP: 10/10 MP: 2/2
   203 | D:1      | Reached XP level 2. HP: 9/14 MP: 3/3
   557 | D:1      | Reached skill level 4 in Unarmed Combat
   726 | D:2      | Reached XP level 3. HP: 18/18 MP: 4/4
   827 | D:2      | Reached XP level 4. HP: 22/22 MP: 5/5
   827 | D:2      | Gained a life (2 lives remaining)
   892 | D:2      | Reached skill level 5 in Unarmed Combat
  1135 | D:2      | Identified the +8 scimitar of Voleof {flame, rF+ rC+ Int-5}
  1238 | D:2      | Found an opulent altar of Gozag.
  1490 | D:2      | Reached XP level 5. HP: 23/25 MP: 6/6
  1727 | D:3      | Killed from afar by an orc priest
  1727 | D:3      | Lost a life (1 life remaining)
  1781 | D:3      | Reached skill level 6 in Unarmed Combat
  1996 | D:3      | Killed from afar by an orc priest
  1996 | D:3      | Lost a life (0 lives remaining)
  2327 | D:3      | Gained mutation: You are covered in thick fur. (AC +2)
                  | [Felid growth]
  2327 | D:3      | Reached XP level 6. HP: 28/30 MP: 7/7
  2564 | D:4      | Found a white marble altar of Elyvilon.
  2665 | D:4      | Reached skill level 7 in Unarmed Combat
  2716 | D:4      | Found a staircase to the Ecumenical Temple.
  2727 | Temple   | Entered the Ecumenical Temple
  2739 | Temple   | Became a worshipper of Makhleb the Destroyer
  3098 | D:4      | Found a basalt altar of Yredelemnul.
  3335 | D:5      | Entered Level 5 of the Dungeon
  3345 | D:5      | Gained mutation: You occasionally lose the ability to read
                  | scrolls when taking damage. [potion of mutation]
  3366 | D:5      | Reached skill level 8 in Unarmed Combat
  3366 | D:5      | Reached skill level 1 in Stealth
  3366 | D:5      | Reached XP level 7. HP: 28/33 MP: 8/8
  3366 | D:5      | Gained a life (1 life remaining)
  3394 | D:5      | Found a radiant altar of Vehumet.
  3397 | D:5      | Found a glowing silver altar of Zin.
  3495 | D:5      | Slain by a gnoll sergeant
  3495 | D:5      | Lost a life (0 lives remaining)
  3531 | D:5      | HP: 1/33 [gnoll/+0 flail[a gnoll sergeant] (13)]
  3532 | D:5      | Slain by a gnoll

Illustrated notes

Levels and vault maps discovered:
D:1:      dpeg_arrival_rooms_c, layout_basic, minmay_strange_pillars
D:2:      layout_rooms, basic_altar, roderic_lattice_a, st_stairs_7
D:3:      wad_crossroads, layout_basic
D:4:      layout_loops_ring, kennysheep_ying_yang, minmay_temple_entry_arrows,
          nicolae_elevator_lobby_plus
D:5:      black_bear_nest_1, layout_basic, nicolae_overflow_hidden_temple
Temple:   bh_familiar_temple

Skill      XL: |  1  2  3  4  5  6  7 |
---------------+----------------------+-----
Dodging        | 3 4 |  4.4
Unarmed Combat | 4 5 6 8 |  8.0
Stealth        | 1 |  1.0
Fighting       | |  1.0
Shapeshifting  | |  2.6

Action                     |  1- 3 |  4- 6 |  7- 9 || total
---------------------------+-------+-------+-------++-------
  Melee: Unarmed           |    72 |   180 |    13 ||   265
         Bite              |     5 |    15 |       ||    20
         Punch             |     1 |    10 |     1 ||    12
    Use: Potion            |     4 |     3 |     5 ||    12
         Scroll            |       |     7 |     5 ||    12
   Stab: Sleeping          |     2 |     3 |       ||     5
 Armour: Skin              |    36 |    67 |    38 ||   141
  Dodge: Dodged            |    47 |   105 |    18 ||   170
